[ PARTIDA AOE2 · #483473816 ]
UnrankedEtíopes vs Franks
[ ANÁLISIS DE REPETICIÓN · EXTRAÍDO DE LA PARTIDA GRABADA ]
Feudal
9:32
Castillos
23:26
Imperial
38:22
| APM promedio | 42.4 |
| APM pico | 81 |
| eAPM promedio | 25.2 |
| Aldeanos / militares | 145 / 136 |
Foco
⚔️ 36.2% · 🌾 63.8%
Archer ×126 · Battering Ram ×4 · Spearman ×3 · Trebuchet (Packed) ×3
Feudal
9:34
Castillos
30:51
Imperial
—
| APM promedio | 34.2 |
| APM pico | 62 |
| eAPM promedio | 13.6 |
| Aldeanos / militares | 97 / 52 |
Foco
⚔️ 27.4% · 🌾 72.6%
Scout Cavalry ×29 · Knight ×20 · Mangonel ×3
Feudal
9:26
Castillos
20:56
Imperial
—
| APM promedio | 34.8 |
| APM pico | 59 |
| eAPM promedio | 18.0 |
| Aldeanos / militares | 141 / 18 |
Foco
⚔️ 28.4% · 🌾 71.6%
Unknown (1952) ×84 · Unknown (1944) ×26 · Skirmisher ×7 · Monk ×5 · Scout Cavalry ×3 · Spearman ×2
Feudal
10:44
Castillos
22:35
Imperial
—
| APM promedio | 32.1 |
| APM pico | 65 |
| eAPM promedio | 18.4 |
| Aldeanos / militares | 195 / 92 |
Foco
⚔️ 28.7% · 🌾 71.3%
Knight ×44 · Spearman ×19 · Scout Cavalry ×19 · Konnik ×6 · Militia ×4
Mapa de la partida
Recursos iniciales + cada clic de construcción. Líneas = muros · curvas = relieve. ◆ oro · ⬟ piedra · ● bayas · ✦ reliquia · ◌ hueco del cierre
Tu base· ✓ Cerrada en 23:26 · 39t muro · 1 puerta(s)
Base de PpRr | frankpad1214· Abierta — hueco de 4t
Base de Ranzunn· Abierta — hueco de 1t
Base de Inka_Roca· ✓ Cerrada en 22:35 · 57t muro · 1 puerta(s)
Terreno inicial suavizado · ◌ = hueco del cierre detectado · pasá el cursor para detalles
Inputs por minuto
— sml - - PpRr | frankpad1214
Build order — sml
Primeras 150 de 447 acciones detectadas
| 0:00 | Crear | Villager (Male) |
| 0:00 | Crear | Villager (Male) |
| 0:02 | Construir | House |
| 0:03 | Construir | House |
| 0:25 | Crear | Villager (Male) |
| 0:25 | Crear | Villager (Male) |
| 1:27 | Crear | Villager (Male) |
| 1:49 | Crear | Villager (Male) |
| 1:55 | Construir | Lumber Camp |
| 2:21 | Crear | Villager (Male) |
| 2:48 | Crear | Villager (Male) |
| 3:20 | Crear | Villager (Male) |
| 3:33 | Construir | House |
| 3:59 | Crear | Villager (Male) |
| 4:03 | Crear | Villager (Male) |
| 4:20 | Crear | Villager (Male) |
| 4:30 | Crear | Villager (Male) |
| 4:38 | Crear | Villager (Male) |
| 5:06 | Crear | Villager (Male) |
| 5:14 | Crear | Villager (Male) |
| 6:00 | Investigar | Loom |
| 6:56 | Crear | Villager (Male) |
| 6:58 | Construir | Mining Camp |
| 7:02 | Construir | Mining Camp |
| 7:22 | Investigar | Feudal Age |
| 7:26 | Construir | Mill |
| 7:45 | Construir | House |
| 8:17 | Construir | Barracks |
| 8:18 | Crear | Villager (Male) |
| 8:33 | Crear | Villager (Male) |
| 8:36 | Construir | Mill |
| 9:32 | Edad | Edad Feudal |
| 9:37 | Construir | Archery Range |
| 10:06 | Crear | Villager (Male) |
| 10:08 | Investigar | Double-Bit Axe |
| 10:12 | Crear | Spearman |
| 10:24 | Construir | House |
| 10:51 | Crear | Villager (Male) |
| 10:56 | Crear | Villager (Male) |
| 11:01 | Construir | Archery Range |
| 11:02 | Crear | Archer |
| 11:03 | Crear | Archer |
| 11:08 | Crear | Villager (Male) |
| 11:15 | Construir | Palisade Wall |
| 11:17 | Construir | Palisade Wall |
| 11:23 | Crear | Villager (Male) |
| 11:48 | Crear | Villager (Male) |
| 11:53 | Investigar | Horse Collar |
| 11:59 | Construir | House |
| 12:00 | Crear | Archer |
| 12:03 | Crear | Villager (Male) |
| 12:13 | Crear | Archer |
| 12:15 | Construir | House |
| 12:15 | Crear | Archer |
| 12:17 | Crear | Villager (Male) |
| 12:23 | Construir | House |
| 12:34 | Construir | House |
| 12:44 | Crear | Archer |
| 12:44 | Crear | Archer |
| 13:01 | Construir | Farm |
| 13:04 | Crear | Archer |
| 13:06 | Crear | Spearman |
| 13:29 | Crear | Spearman |
| 13:39 | Crear | Villager (Male) |
| 13:39 | Crear | Villager (Male) |
| 13:40 | Construir | Farm |
| 13:40 | Construir | Farm |
| 13:41 | Construir | Farm |
| 13:41 | Construir | Farm |
| 14:00 | Crear | Villager (Male) |
| 14:00 | Crear | Villager (Male) |
| 14:08 | Construir | Lumber Camp |
| 14:19 | Construir | Farm |
| 14:33 | Construir | Farm |
| 14:39 | Crear | Villager (Male) |
| 14:47 | Construir | Farm |
| 15:13 | Crear | Villager (Male) |
| 15:16 | Construir | Blacksmith |
| 15:18 | Construir | Farm |
| 15:39 | Construir | Farm |
| 15:40 | Construir | Farm |
| 15:48 | Crear | Villager (Male) |
| 15:49 | Crear | Villager (Male) |
| 15:49 | Crear | Villager (Male) |
| 16:21 | Investigar | Fletching |
| 16:24 | Construir | Farm |
| 16:24 | Construir | Farm |
| 16:24 | Construir | Farm |
| 16:33 | Construir | Palisade Wall |
| 16:36 | Construir | Palisade Wall |
| 16:42 | Crear | Villager (Male) |
| 16:46 | Construir | Farm |
| 16:50 | Crear | Villager (Male) |
| 16:55 | Crear | Villager (Male) |
| 16:59 | Construir | Palisade Gate |
| 17:00 | Construir | House |
| 17:12 | Crear | Villager (Male) |
| 17:12 | Crear | Villager (Male) |
| 17:53 | Crear | Villager (Male) |
| 17:57 | Crear | Villager (Male) |
| 18:05 | Crear | Archer |
| 18:06 | Crear | Archer |
| 18:08 | Crear | Villager (Male) |
| 18:11 | Construir | Farm |
| 18:12 | Construir | Farm |
| 18:14 | Construir | Market |
| 18:14 | Crear | Villager (Male) |
| 18:15 | Crear | Villager (Male) |
| 18:19 | Construir | House |
| 18:20 | Crear | Archer |
| 18:21 | Crear | Archer |
| 18:21 | Crear | Archer |
| 18:22 | Crear | Archer |
| 18:32 | Construir | Farm |
| 18:39 | Crear | Archer |
| 18:42 | Construir | Palisade Wall |
| 18:52 | Construir | Palisade Wall |
| 19:12 | Investigar | Wheelbarrow |
| 19:15 | Crear | Archer |
| 19:15 | Crear | Archer |
| 19:18 | Construir | Farm |
| 19:35 | Construir | House |
| 20:02 | Construir | House |
| 20:11 | Crear | Archer |
| 20:46 | Investigar | Castle Age |
| 20:48 | Crear | Archer |
| 20:48 | Crear | Archer |
| 20:59 | Crear | Archer |
| 21:00 | Crear | Villager (Male) |
| 21:10 | Investigar | Gold Mining |
| 21:26 | Crear | Archer |
| 21:28 | Crear | Villager (Male) |
| 21:33 | Construir | Farm |
| 21:51 | Crear | Archer |
| 21:55 | Crear | Archer |
| 21:56 | Crear | Archer |
| 22:35 | Crear | Archer |
| 22:36 | Crear | Archer |
| 23:14 | Crear | Archer |
| 23:14 | Crear | Archer |
| 23:26 | Edad | Edad de los Castillos |
| 23:26 | Investigar | Crossbowman (upgrade) |
| 23:28 | Investigar | Bodkin Arrow |
| 23:31 | Construir | University |
| 23:37 | Investigar | Thumb Ring |
| 23:41 | Crear | Villager (Male) |
| 23:43 | Crear | Villager (Male) |
| 23:58 | Crear | Villager (Male) |
| 24:35 | Crear | Villager (Male) |
| 24:44 | Crear | Archer |
Build order — PpRr | frankpad1214
Primeras 150 de 267 acciones detectadas
| 0:00 | Crear | Villager (Male) |
| 0:01 | Crear | Villager (Male) |
| 0:01 | Crear | Villager (Male) |
| 0:01 | Crear | Villager (Male) |
| 0:02 | Construir | House |
| 0:04 | Construir | House |
| 1:23 | Crear | Villager (Male) |
| 1:49 | Construir | Lumber Camp |
| 1:59 | Crear | Villager (Male) |
| 2:15 | Crear | Villager (Male) |
| 2:15 | Crear | Villager (Male) |
| 2:48 | Crear | Villager (Male) |
| 2:48 | Crear | Villager (Male) |
| 3:19 | Crear | Villager (Male) |
| 3:50 | Construir | House |
| 3:53 | Construir | House |
| 3:59 | Crear | Villager (Male) |
| 4:00 | Crear | Villager (Male) |
| 4:00 | Crear | Villager (Male) |
| 4:25 | Crear | Villager (Male) |
| 4:48 | Crear | Villager (Male) |
| 4:49 | Crear | Villager (Male) |
| 4:49 | Crear | Villager (Male) |
| 5:12 | Construir | Mill |
| 5:53 | Crear | Villager (Male) |
| 6:02 | Crear | Villager (Male) |
| 6:22 | Crear | Villager (Male) |
| 6:38 | Investigar | Loom |
| 7:24 | Investigar | Feudal Age |
| 7:25 | Investigar | Feudal Age |
| 7:39 | Construir | Palisade Wall |
| 7:51 | Construir | Barracks |
| 8:17 | Construir | Palisade Wall |
| 8:24 | Construir | Palisade Wall |
| 9:06 | Construir | House |
| 9:11 | Construir | House |
| 9:23 | Crear | Villager (Male) |
| 9:34 | Edad | Edad Feudal |
| 9:41 | Construir | Stable |
| 9:49 | Crear | Villager (Male) |
| 10:09 | Construir | Farm |
| 10:17 | Crear | Villager (Male) |
| 10:24 | Construir | House |
| 10:29 | Crear | Scout Cavalry |
| 10:29 | Crear | Scout Cavalry |
| 10:35 | Crear | Villager (Male) |
| 10:38 | Construir | Farm |
| 10:58 | Crear | Villager (Male) |
| 11:00 | Construir | Farm |
| 11:05 | Crear | Villager (Male) |
| 11:07 | Construir | Farm |
| 11:23 | Crear | Villager (Male) |
| 11:25 | Construir | Farm |
| 11:49 | Crear | Villager (Male) |
| 11:51 | Construir | Farm |
| 11:54 | Construir | Farm |
| 11:58 | Crear | Villager (Male) |
| 12:11 | Construir | Farm |
| 12:16 | Construir | House |
| 12:23 | Crear | Scout Cavalry |
| 12:24 | Crear | Villager (Male) |
| 12:39 | Crear | Villager (Male) |
| 12:44 | Construir | Farm |
| 13:08 | Crear | Villager (Male) |
| 13:11 | Investigar | Double-Bit Axe |
| 13:11 | Investigar | Double-Bit Axe |
| 13:38 | Crear | Villager (Male) |
| 14:14 | Crear | Villager (Male) |
| 14:19 | Construir | Mining Camp |
| 14:25 | Construir | Farm |
| 14:38 | Construir | House |
| 14:53 | Crear | Villager (Male) |
| 14:57 | Construir | Market |
| 15:10 | Construir | Lumber Camp |
| 15:11 | Crear | Villager (Male) |
| 15:51 | Crear | Villager (Male) |
| 16:07 | Crear | Scout Cavalry |
| 16:20 | Construir | House |
| 16:30 | Construir | House |
| 16:38 | Crear | Villager (Male) |
| 16:48 | Construir | House |
| 16:59 | Crear | Villager (Male) |
| 17:15 | Construir | House |
| 17:41 | Crear | Scout Cavalry |
| 17:42 | Crear | Scout Cavalry |
| 17:55 | Crear | Scout Cavalry |
| 18:28 | Crear | Villager (Male) |
| 18:34 | Construir | House |
| 18:35 | Crear | Villager (Male) |
| 18:42 | Construir | Farm |
| 18:44 | Construir | Farm |
| 18:50 | Crear | Villager (Male) |
| 19:14 | Construir | Blacksmith |
| 19:35 | Crear | Villager (Male) |
| 19:49 | Crear | Villager (Male) |
| 19:51 | Construir | Farm |
| 19:54 | Construir | Farm |
| 20:09 | Construir | Farm |
| 20:18 | Crear | Villager (Male) |
| 20:25 | Investigar | Scale Barding Armor |
| 20:42 | Construir | Farm |
| 20:44 | Construir | Farm |
| 21:00 | Crear | Villager (Male) |
| 21:03 | Construir | Farm |
| 21:10 | Construir | Farm |
| 21:29 | Crear | Scout Cavalry |
| 21:35 | Crear | Villager (Male) |
| 21:40 | Construir | Stable |
| 21:55 | Crear | Villager (Male) |
| 22:08 | Investigar | Forging |
| 22:08 | Investigar | Forging |
| 22:08 | Crear | Villager (Male) |
| 22:15 | Construir | Farm |
| 22:27 | Crear | Scout Cavalry |
| 22:32 | Construir | Farm |
| 22:34 | Crear | Villager (Male) |
| 22:39 | Construir | Farm |
| 22:43 | Crear | Scout Cavalry |
| 23:02 | Crear | Villager (Male) |
| 23:16 | Construir | Mill |
| 23:17 | Construir | Farm |
| 23:17 | Construir | Farm |
| 23:18 | Construir | Farm |
| 23:18 | Construir | Farm |
| 23:19 | Construir | Farm |
| 23:25 | Crear | Scout Cavalry |
| 23:27 | Crear | Scout Cavalry |
| 23:28 | Crear | Villager (Male) |
| 23:42 | Crear | Villager (Male) |
| 23:54 | Construir | House |
| 23:55 | Construir | House |
| 23:56 | Crear | Scout Cavalry |
| 24:08 | Crear | Villager (Male) |
| 24:28 | Construir | Watch Tower |
| 24:35 | Crear | Scout Cavalry |
| 24:37 | Crear | Scout Cavalry |
| 24:48 | Crear | Villager (Male) |
| 24:50 | Crear | Scout Cavalry |
| 25:15 | Crear | Scout Cavalry |
| 25:29 | Crear | Scout Cavalry |
| 25:45 | Crear | Villager (Male) |
| 25:56 | Crear | Villager (Male) |
| 26:03 | Construir | Farm |
| 26:03 | Construir | Farm |
| 26:06 | Construir | Farm |
| 26:11 | Crear | Scout Cavalry |
| 26:12 | Crear | Scout Cavalry |
| 26:33 | Construir | Farm |
| 26:34 | Construir | Farm |
| 26:34 | Construir | Farm |
Build order — Ranzunn
Primeras 150 de 340 acciones detectadas
| 0:00 | Crear | Villager (Male) |
| 0:00 | Crear | Villager (Male) |
| 0:01 | Crear | Villager (Male) |
| 0:02 | Construir | House |
| 0:03 | Construir | House |
| 0:18 | Crear | Villager (Male) |
| 1:26 | Crear | Villager (Male) |
| 1:47 | Construir | Lumber Camp |
| 2:09 | Crear | Villager (Male) |
| 2:31 | Crear | Villager (Male) |
| 2:51 | Crear | Villager (Male) |
| 3:08 | Crear | Villager (Male) |
| 3:39 | Construir | House |
| 3:47 | Crear | Villager (Male) |
| 3:57 | Construir | Mill |
| 4:05 | Crear | Villager (Male) |
| 4:14 | Construir | House |
| 4:37 | Crear | Villager (Male) |
| 4:38 | Crear | Villager (Male) |
| 5:12 | Crear | Villager (Male) |
| 5:48 | Crear | Villager (Male) |
| 5:48 | Crear | Villager (Male) |
| 5:48 | Crear | Villager (Male) |
| 6:14 | Investigar | Loom |
| 7:09 | Construir | Palisade Wall |
| 7:16 | Investigar | Feudal Age |
| 7:38 | Construir | Palisade Wall |
| 7:54 | Construir | Palisade Wall |
| 7:57 | Construir | Palisade Wall |
| 7:58 | Construir | Palisade Wall |
| 8:04 | Construir | Barracks |
| 8:06 | Construir | Palisade Wall |
| 8:33 | Construir | Palisade Wall |
| 8:34 | Construir | Palisade Wall |
| 8:45 | Crear | Villager (Male) |
| 8:53 | Construir | Palisade Wall |
| 8:58 | Construir | House |
| 9:00 | Construir | Palisade Wall |
| 9:13 | Crear | Villager (Male) |
| 9:13 | Crear | Villager (Male) |
| 9:26 | Edad | Edad Feudal |
| 9:29 | Construir | Stable |
| 9:32 | Investigar | Double-Bit Axe |
| 9:46 | Construir | Palisade Gate |
| 9:48 | Crear | Villager (Male) |
| 10:05 | Crear | Villager (Male) |
| 10:07 | Construir | Farm |
| 10:15 | Construir | House |
| 10:21 | Crear | Scout Cavalry |
| 10:29 | Construir | Farm |
| 10:45 | Crear | Villager (Male) |
| 10:46 | Construir | Farm |
| 10:48 | Construir | Farm |
| 11:14 | Construir | Farm |
| 11:31 | Crear | Scout Cavalry |
| 11:36 | Construir | Archery Range |
| 11:46 | Crear | Scout Cavalry |
| 11:49 | Construir | Farm |
| 12:11 | Crear | Archer |
| 12:12 | Crear | Skirmisher |
| 12:12 | Crear | Skirmisher |
| 12:12 | Crear | Skirmisher |
| 12:23 | Crear | Villager (Male) |
| 12:26 | Construir | Farm |
| 12:31 | Construir | Farm |
| 13:03 | Crear | Villager (Male) |
| 13:04 | Crear | Villager (Male) |
| 13:11 | Crear | Villager (Male) |
| 13:12 | Crear | Villager (Male) |
| 13:14 | Construir | Farm |
| 13:22 | Crear | Villager (Male) |
| 13:22 | Crear | Villager (Male) |
| 13:25 | Construir | Palisade Gate |
| 13:28 | Construir | Palisade Wall |
| 13:37 | Construir | House |
| 13:38 | Construir | House |
| 13:44 | Crear | Villager (Male) |
| 13:44 | Crear | Villager (Male) |
| 14:01 | Crear | Skirmisher |
| 14:01 | Crear | Skirmisher |
| 14:04 | Construir | House |
| 14:15 | Crear | Villager (Male) |
| 14:17 | Construir | Mining Camp |
| 14:20 | Crear | Skirmisher |
| 14:21 | Crear | Skirmisher |
| 14:42 | Crear | Villager (Male) |
| 14:42 | Crear | Villager (Male) |
| 14:53 | Construir | Farm |
| 14:54 | Construir | Farm |
| 15:13 | Crear | Villager (Male) |
| 15:43 | Crear | Villager (Male) |
| 15:43 | Crear | Villager (Male) |
| 15:45 | Construir | Farm |
| 16:23 | Construir | Palisade Wall |
| 16:29 | Construir | Farm |
| 16:32 | Construir | Farm |
| 16:36 | Construir | House |
| 16:42 | Construir | Blacksmith |
| 17:08 | Construir | Farm |
| 17:50 | Crear | Villager (Male) |
| 18:16 | Investigar | Castle Age |
| 18:31 | Construir | Market |
| 18:46 | Investigar | Horse Collar |
| 18:50 | Construir | Archery Range |
| 18:55 | Investigar | Fletching |
| 19:08 | Construir | Palisade Wall |
| 19:17 | Construir | Palisade Wall |
| 19:27 | Crear | Villager (Male) |
| 19:27 | Crear | Villager (Male) |
| 19:30 | Investigar | Gold Mining |
| 19:47 | Construir | Palisade Wall |
| 20:11 | Construir | Farm |
| 20:36 | Investigar | Bloodlines |
| 20:39 | Investigar | Padded Archer Armor |
| 20:46 | Crear | Spearman |
| 20:46 | Crear | Spearman |
| 20:56 | Edad | Edad de los Castillos |
| 21:05 | Construir | Palisade Wall |
| 21:06 | Crear | Unit 1952 ×2 |
| 21:21 | Construir | Farm |
| 21:24 | Crear | Unit 1952 |
| 21:24 | Crear | Unit 1952 |
| 21:39 | Construir | House |
| 22:04 | Crear | Unit 1944 |
| 22:04 | Crear | Unit 1944 |
| 22:10 | Construir | Farm |
| 22:19 | Construir | Palisade Wall |
| 22:21 | Crear | Villager (Male) |
| 22:22 | Crear | Villager (Male) |
| 22:23 | Crear | Villager (Male) |
| 22:23 | Crear | Villager (Male) |
| 22:28 | Construir | Lumber Camp |
| 22:35 | Crear | Unit 1952 |
| 22:47 | Crear | Villager (Male) |
| 22:53 | Crear | Unit 1944 |
| 23:15 | Crear | Unit 1952 |
| 23:15 | Crear | Unit 1952 |
| 23:18 | Crear | Villager (Male) |
| 23:19 | Crear | Villager (Male) |
| 23:21 | Construir | House |
| 23:27 | Construir | Palisade Wall |
| 23:30 | Construir | House |
| 23:35 | Construir | House |
| 23:48 | Crear | Unit 1944 |
| 23:50 | Crear | Unit 1952 |
| 23:52 | Investigar | Bodkin Arrow |
| 24:29 | Crear | Unit 1952 ×4 |
| 24:43 | Investigar | Leather Archer Armor |
| 24:43 | Crear | Villager (Male) |
| 24:44 | Investigar | Town Watch |
Build order — Inka_Roca
Primeras 150 de 413 acciones detectadas
| 0:02 | Crear | Villager (Male) |
| 0:02 | Crear | Villager (Male) |
| 0:02 | Crear | Villager (Male) |
| 0:03 | Crear | Villager (Male) |
| 0:03 | Crear | Villager (Male) |
| 0:05 | Construir | House |
| 0:07 | Construir | House |
| 1:43 | Crear | Villager (Male) |
| 1:43 | Crear | Villager (Male) |
| 2:17 | Crear | Villager (Male) |
| 2:17 | Crear | Villager (Male) |
| 2:41 | Crear | Villager (Male) |
| 2:41 | Crear | Villager (Male) |
| 2:57 | Crear | Villager (Male) |
| 3:25 | Crear | Villager (Male) |
| 3:25 | Crear | Villager (Male) |
| 3:36 | Construir | House |
| 3:38 | Construir | Mill |
| 4:06 | Crear | Villager (Male) |
| 4:06 | Crear | Villager (Male) |
| 4:07 | Crear | Villager (Male) |
| 4:53 | Crear | Villager (Male) |
| 4:53 | Crear | Villager (Male) |
| 5:13 | Crear | Villager (Male) |
| 5:26 | Construir | Lumber Camp |
| 5:54 | Construir | Mining Camp |
| 5:57 | Crear | Villager (Male) |
| 6:26 | Crear | Villager (Male) |
| 6:41 | Construir | House |
| 7:06 | Crear | Villager (Male) |
| 7:27 | Crear | Villager (Male) |
| 8:05 | Investigar | Loom |
| 8:34 | Investigar | Feudal Age |
| 8:34 | Investigar | Feudal Age |
| 8:41 | Construir | Barracks |
| 8:59 | Crear | Villager (Male) |
| 9:29 | Construir | House |
| 9:30 | Construir | House |
| 9:40 | Crear | Militia |
| 9:41 | Crear | Militia |
| 9:50 | Crear | Militia |
| 10:22 | Crear | Militia |
| 10:25 | Crear | Villager (Male) |
| 10:44 | Edad | Edad Feudal |
| 10:53 | Crear | Villager (Male) |
| 10:59 | Construir | Farm |
| 10:59 | Construir | Farm |
| 10:59 | Construir | Farm |
| 11:00 | Construir | Farm |
| 11:00 | Construir | Farm |
| 11:00 | Construir | Farm |
| 11:00 | Construir | Farm |
| 11:02 | Crear | Villager (Male) |
| 11:21 | Crear | Spearman |
| 11:41 | Construir | Farm |
| 11:41 | Construir | Farm |
| 12:08 | Crear | Villager (Male) |
| 12:14 | Construir | Palisade Wall |
| 12:15 | Construir | Palisade Wall |
| 12:24 | Crear | Villager (Male) |
| 12:33 | Crear | Villager (Male) |
| 12:35 | Crear | Spearman |
| 12:48 | Crear | Villager (Male) |
| 12:49 | Crear | Villager (Male) |
| 13:10 | Crear | Villager (Male) |
| 13:11 | Crear | Villager (Male) |
| 13:14 | Crear | Spearman |
| 13:20 | Construir | House |
| 13:22 | Construir | House |
| 13:23 | Construir | House |
| 13:29 | Crear | Villager (Male) |
| 13:47 | Crear | Spearman |
| 13:54 | Construir | House |
| 13:56 | Construir | Palisade Wall |
| 14:01 | Crear | Villager (Male) |
| 14:02 | Crear | Villager (Male) |
| 14:24 | Crear | Spearman |
| 14:43 | Crear | Villager (Male) |
| 14:45 | Construir | Farm |
| 14:56 | Construir | Lumber Camp |
| 15:08 | Construir | Palisade Wall |
| 15:12 | Investigar | Wheelbarrow |
| 15:15 | Construir | Farm |
| 15:32 | Construir | Palisade Wall |
| 15:36 | Construir | Palisade Wall |
| 15:47 | Construir | Farm |
| 16:04 | Crear | Spearman |
| 16:05 | Crear | Villager (Male) |
| 16:05 | Crear | Villager (Male) |
| 16:22 | Crear | Villager (Male) |
| 16:38 | Construir | Farm |
| 16:38 | Construir | Farm |
| 16:39 | Construir | Farm |
| 16:39 | Construir | Farm |
| 16:39 | Construir | Farm |
| 16:41 | Construir | Farm |
| 16:49 | Construir | Palisade Gate |
| 17:08 | Crear | Villager (Male) |
| 17:09 | Crear | Villager (Male) |
| 17:32 | Construir | Stable |
| 17:39 | Crear | Villager (Male) |
| 17:41 | Crear | Villager (Male) |
| 17:41 | Crear | Villager (Male) |
| 18:13 | Crear | Villager (Male) |
| 18:20 | Crear | Villager (Male) |
| 18:24 | Construir | Blacksmith |
| 18:25 | Crear | Villager (Male) |
| 18:34 | Construir | Farm |
| 18:41 | Crear | Villager (Male) |
| 18:49 | Crear | Villager (Male) |
| 18:54 | Construir | Farm |
| 18:59 | Construir | House |
| 19:00 | Construir | House |
| 19:15 | Crear | Villager (Male) |
| 19:19 | Construir | Farm |
| 19:20 | Crear | Villager (Male) |
| 19:49 | Construir | Farm |
| 19:55 | Investigar | Castle Age |
| 19:56 | Investigar | Castle Age |
| 19:56 | Investigar | Castle Age |
| 20:09 | Construir | Farm |
| 20:21 | Construir | House |
| 20:23 | Crear | Villager (Male) |
| 20:34 | Investigar | Double-Bit Axe |
| 20:34 | Investigar | Double-Bit Axe |
| 20:49 | Construir | House |
| 20:58 | Investigar | Scale Barding Armor |
| 21:01 | Crear | Villager (Male) |
| 21:01 | Crear | Villager (Male) |
| 21:06 | Crear | Villager (Male) |
| 21:28 | Investigar | Bloodlines |
| 21:35 | Crear | Villager (Male) |
| 21:40 | Investigar | Forging |
| 21:49 | Crear | Villager (Male) |
| 22:11 | Construir | Stable |
| 22:18 | Crear | Villager (Male) |
| 22:35 | Crear | Villager (Male) |
| 22:35 | Edad | Edad de los Castillos |
| 22:39 | Crear | Knight |
| 22:42 | Crear | Villager (Male) |
| 22:43 | Crear | Villager (Male) |
| 22:50 | Construir | Town Center |
| 22:51 | Crear | Villager (Male) |
| 22:56 | Crear | Knight |
| 22:57 | Crear | Villager (Male) |
| 22:58 | Crear | Villager (Male) |
| 23:04 | Construir | Farm |
| 23:09 | Crear | Knight |
| 23:10 | Crear | Knight |
| 23:19 | Crear | Villager (Male) |
Cronología de la partida
| 7:09 | Ranzunn · wall_segment Palisade Wall x4 |
| 7:38 | Ranzunn · wall_segment Palisade Wall x6 |
| 7:39 | PpRr | frankpad1214 · wall_segment Palisade Wall x3 |
| 7:51 | PpRr | frankpad1214 · first_building Barracks |
| 7:54 | Ranzunn · wall_segment Palisade Wall x7 |
| 7:57 | Ranzunn · wall_segment Palisade Wall x1 |
| 7:58 | Ranzunn · wall_segment Palisade Wall x1 |
| 8:04 | Ranzunn · first_building Barracks |
| 8:06 | Ranzunn · wall_segment Palisade Wall x1 |
| 8:17 | sml · first_building Barracks |
| 8:17 | PpRr | frankpad1214 · wall_segment Palisade Wall x8 |
| 8:24 | PpRr | frankpad1214 · wall_segment Palisade Wall x11 |
| 8:33 | Ranzunn · wall_segment Palisade Wall x1 |
| 8:34 | Ranzunn · wall_segment Palisade Wall x1 |
| 8:41 | Inka_Roca · first_building Barracks |
| 8:53 | Ranzunn · wall_segment Palisade Wall x5 |
| 9:00 | Ranzunn · wall_segment Palisade Wall x2 |
| 9:26 | Ranzunn · age_up feudal |
| 9:29 | Ranzunn · first_building Stable |
| 9:32 | sml · age_up feudal |
| 9:34 | PpRr | frankpad1214 · age_up feudal |
| 9:37 | sml · first_building Archery Range |
| 9:41 | PpRr | frankpad1214 · first_building Stable |
| 10:44 | Inka_Roca · age_up feudal |
| 11:15 | sml · wall_segment Palisade Wall x3 |
| 11:17 | sml · wall_segment Palisade Wall x5 |
| 11:36 | Ranzunn · first_building Archery Range |
| 12:14 | Inka_Roca · wall_segment Palisade Wall x19 |
| 12:15 | Inka_Roca · wall_segment Palisade Wall x1 |
| 13:28 | Ranzunn · wall_segment Palisade Wall x1 |
| 13:56 | Inka_Roca · wall_segment Palisade Wall x6 |
| 15:08 | Inka_Roca · wall_segment Palisade Wall x8 |
| 15:32 | Inka_Roca · wall_segment Palisade Wall x6 |
| 15:36 | Inka_Roca · wall_segment Palisade Wall x17 |
| 16:23 | Ranzunn · wall_segment Palisade Wall x1 |
| 16:33 | sml · wall_segment Palisade Wall x5 |
| 16:36 | sml · wall_segment Palisade Wall x11 |
| 17:32 | Inka_Roca · first_building Stable |
| 18:42 | sml · wall_segment Palisade Wall x14 |
| 18:52 | sml · wall_segment Palisade Wall x1 |
| 19:08 | Ranzunn · wall_segment Palisade Wall x8 |
| 19:17 | Ranzunn · wall_segment Palisade Wall x1 |
| 19:47 | Ranzunn · wall_segment Palisade Wall x1 |
| 20:17 | sml · first_market_sell 100 stone |
| 20:18 | sml · first_market_buy 100 food |
| 20:56 | Ranzunn · age_up castle |
| 21:05 | Ranzunn · wall_segment Palisade Wall x1 |
| 22:19 | Ranzunn · wall_segment Palisade Wall x1 |
| 22:35 | Inka_Roca · age_up castle |
| 23:26 | sml · age_up castle |
| 23:27 | Ranzunn · wall_segment Palisade Wall x1 |
| 26:09 | Ranzunn · wall_segment Palisade Wall x1 |
| 26:09 | Ranzunn · wall_segment Palisade Wall x1 |
| 27:30 | PpRr | frankpad1214 · first_market_buy 100 food |
| 27:41 | PpRr | frankpad1214 · first_market_sell 100 wood |
| 30:16 | sml · first_building Castle |
| 30:51 | PpRr | frankpad1214 · age_up castle |
| 32:27 | Inka_Roca · first_building Castle |
| 32:29 | PpRr | frankpad1214 · first_building Siege Workshop |
| 32:52 | sml · first_building Siege Workshop |
| 38:22 | sml · age_up imperial |
| 39:50 | Ranzunn · first_building Monastery |
| 39:56 | PpRr | frankpad1214 · first_building Castle |
| 41:31 | Inka_Roca · wall_segment Palisade Wall x3 |
| 42:35 | Ranzunn · first_building Castle |
| 42:47 | PpRr | frankpad1214 · resign |
[ ANÁLISIS IA · 1 CRÉDITO ]
¿Qué pasó realmente en esta partida?
Wolo.gg analiza cada decisión: build order, eco, micro, errores típicos por bracket. Análisis personalizado por WhatsApp o Discord en 30 segundos.
Guía civ
Etíopes
Perfil
Jugador #2157170